 Dungeon Crawl Stone Soup version 0.20.1-1-g8b1a95d (webtiles) character file.

669 Knicklaso the Cudgeler (level 7, -1/67 HPs)
             Began as an Ogre Warper on July 22, 2017.
             Slain by an orc warrior
             ... wielding a +0 glaive
              (23 damage)
             ... on level 6 of the Dungeon.
             The game lasted 00:38:39 (8315 turns).

Knicklaso the Cudgeler (Ogre Warper)                Turns: 8315, Time: 00:38:39

Health: -1/67      AC:  4    Str: 16    XL:     7   Next: 58%
Magic:  10/11      EV: 10    Int: 14    God:
Gold:   252        SH:  0    Dex: 10    Spells: 8/12 levels left

rFire    . . .     SeeInvis .   a - +1 mace
rCold    . . .     Gourm    .   (no shield)
rNeg     . . .     Faith    .   b - +1 robe
rPois    +         Spirit   .   (helmet restricted)
rElec    .         Reflect  .   (no cloak)
rCorr    .         Harm     .   (gloves unavailable)
MR       +....                  (boots unavailable)
Stlth    +.........             r - amulet of regeneration
Regen    0.7/turn               y - ring of protection from magic
MPRegen  0.2/turn               s - ring of poison resistance

@: no status effects
A: unfitting armour, tough skin 1
a: no special abilities


You were on level 6 of the Dungeon.
You were not hungry.

You visited 1 branch of the dungeon, and saw 6 of its levels.

You collected 252 gold pieces.

Inventory:

Hand Weapons
 a - a +1 mace (weapon)
Missiles
 e - 3 tomahawks of dispersal
 h - 87 stones (quivered)
 k - 2 throwing nets
 q - 5 javelins
 D - 3 tomahawks
Armour
 b - a +1 robe (worn)
Jewellery
 r - an amulet of regeneration (around neck)
 s - a ring of poison resistance (right hand)
 y - a ring of protection from magic (left hand)
Wands
 j - a wand of random effects (30/48)
 m - a wand of random effects (39/48)
 p - a wand of disintegration (18/24)
 G - a wand of random effects (16/48)
Scrolls
 d - a scroll of blinking
 i - a scroll of random uselessness {unknown}
 l - a scroll of fog
 x - a scroll of amnesia {unknown}
Potions
 n - a potion of flight
 t - 2 potions of agility
 w - 2 potions of might
 z - 2 potions of curing {unknown}
 A - 2 potions of mutation
 B - a potion of degeneration {unknown}
 C - 2 potions of resistance
 E - a potion of brilliance {unknown}
Books
 c - a book of Spatial Translocations

   Spells                             Type                      Level
   a - Blink                          Translocation                2
   b - Shroud of Golubria             Charms/Translocation         2
   c - Lesser Beckoning               Translocation                3
   d - Gell's Gravitas                Translocation                3
   e - Teleport Other                 Translocation                3
   f - Passage of Golubria            Translocation                4
 H - a book of Geomancy

   Spells                             Type                      Level
   a - Sandblast                      Earth                        1
   b - Passwall                       Transmutation/Earth          2
   c - Stone Arrow                    Conjuration/Earth            3
   d - Petrify                        Transmutation/Earth          4
   e - Lee's Rapid Deconstruction     Earth                        5
Comestibles
 f - 3 bread rations
 g - 5 meat rations
 u - a fruit
 v - a royal jelly
 F - a chunk of flesh


   Skills:
 + Level 3.3 Fighting
 - Level 6.2 Maces & Flails
 * Level 2.4 Throwing
 + Level 1.2 Armour
 - Level 2.1 Dodging
 * Level 3.2 Spellcasting
 * Level 3.4 Translocations


You had 8 spell levels left.
You knew the following spells:

 Your Spells              Type           Power        Failure   Level  Hunger
a - Shroud of Golubria    Chrm/Tloc      #.........   16%         2    ##.....
b - Blink                 Tloc           N/A          8%          2    ##.....


Dungeon Overview and Level Annotations

Branches:
Dungeon (6/15)
 Temple: D:4-7

Altars:
Cheibriados

Annotations:
D:2 1 runed door


Innate Abilities, Weirdness & Mutations

You are too large for most types of armour.
You have tough skin. (AC +1)


Message History

You see here an arrow.
You hit the centaur.
The centaur is lightly wounded.
The centaur barely misses you.
The orc warrior hits you from afar with a glaive!!
* * * LOW HITPOINT WARNING * * *
You completely miss the centaur.
The centaur is lightly wounded.
The centaur hits you but does no damage.
The centaur barely misses you.
Your shroud bends the orc warrior's attack away!
You barely miss the centaur.
The centaur is lightly wounded.
Your shroud begins to fray at the edges.
Your shroud bends the centaur's attack away.
The centaur hits you!
* * * LOW HITPOINT WARNING * * *
You feel much better.
The orc warrior hits you from afar with a glaive!!
You die...

##.#.# #.#.# .
#...# .. ##..#
... #..#
....###..# #
#......[###.#
##...........#
.......(@.##.#
#########c#
#o# #o# #h##
#o.# ##(#
#.c..<.#
#......#


You could see an orc warrior, a centaur, a hound and 2 orcs.

Vanquished Creatures
  A necrophage (D:5)
  A phantom (D:4)
  A bullfrog (D:6)
  2 crimson imps (D:5)
  A bullfrog skeleton (D:5)
  An orc priest (D:5)
  2 worker ants (D:4)
  Robin (D:2)
  8 adders
  2 oozes
  An adder skeleton (D:4)
  2 worms
  13 dart slugs
  5 leopard geckos
  10 orcs
  A ball python (D:3)
  11 giant cockroaches
  10 goblins
  15 hobgoblins
  5 jackals
  A quokka (D:4)
  7 bats
  4 frilled lizards
  9 kobolds
  2 leopard gecko skeletons
  10 rats
126 creatures vanquished.

Vanquished Creatures (others)
  A rat (D:1)
1 creature vanquished.

Grand Total: 127 creatures vanquished

Notes
Turn   | Place    | Note
-------+----------+-------------------------------------------
     0 | D:1      | Knicklaso the Ogre Warper began the quest for the Orb.
     0 | D:1      | Reached XP level 1. HP: 22/22 MP: 3/3
   169 | D:1      | Reached skill level 2 in Maces & Flails
   275 | D:1      | Reached XP level 2. HP: 17/29 MP: 5/5
   704 | D:1      | Reached skill level 3 in Maces & Flails
   704 | D:1      | Reached XP level 3. HP: 35/36 MP: 6/6
   952 | D:2      | Found a runed door.
  1544 | D:2      | Noticed Robin
  1570 | D:2      | Reached XP level 4. HP: 42/44 MP: 7/7
  1872 | D:2      | Reached skill level 4 in Maces & Flails
  2355 | D:2      | HP: 3/66 [goblin[Robin] (3)]
  2357 | D:2      | Killed Robin
  2907 | D:2      | Reached XP level 5. HP: 33/50 MP: 8/8
  4507 | D:3      | Reached skill level 5 in Maces & Flails
  4578 | D:4      | Noticed a phantom
  4629 | D:4      | Killed a phantom
  4629 | D:4      | Reached XP level 6. HP: 21/59 MP: 9/9
  5889 | D:4      | Found a snail-covered altar of Cheibriados.
  6148 | D:4      | Reached skill level 6 in Maces & Flails
  6317 | D:4      | Learned a level 2 spell: Shroud of Golubria
  6320 | D:4      | Learned a level 2 spell: Blink
  7079 | D:5      | Entered Level 5 of the Dungeon
  7475 | D:5      | Reached XP level 7. HP: 64/66 MP: 9/11
  7546 | D:5      | Reached skill level 1 in Armour
  8315 | D:6      | Slain by an orc warrior

Skill      XL: |  1  2  3  4  5  6  7 |
---------------+----------------------+-----
Maces & Flails | 2 3 4 5 6 |  6.2
Translocations | 3 |  3.4
Fighting       | 3 |  3.3
Armour         | 1 |  1.2
Throwing       | 2 |  2.4
Spellcasting   | 3 |  3.2
Dodging        | |  2.1

Action                   |  1- 3 |  4- 6 |  7- 9 || total
-------------------------+-------+-------+-------++-------
Melee: Mace              |   129 |   389 |    60 ||   578
Throw: Stone             |    37 |   105 |    21 ||   163
       Tomahawk          |     2 |       |       ||     2
 Cast: Shroud of Golubri |       |       |     3 ||     3
Evoke: Wand              |       |       |     1 ||     1
  Use: Potion            |       |     3 |     1 ||     4
       Scroll            |       |    10 |       ||    10
  Eat: Chunk             |     2 |    17 |     1 ||    20
       Royal jelly       |       |     1 |       ||     1
       Fruit             |       |       |     3 ||     3
Armor: Robe              |    28 |    85 |    14 ||   127
Dodge: Dodged            |    83 |   232 |    34 ||   349
